 Dungeon Crawl Stone Soup version 0.31-a0-1522-g43313d8a59 (webtiles) character file.

Game seed: 9687746776947935296

325800 Ofeo the Slayer (level 20, -1/272 HPs)
             Began as an Oni Shapeshifter on Dec 30, 2023.
             Was the Champion of Jiyva.
             Slain by a vampire knight (illusionary)
             ... wielding a +1 long sword
              (9 damage)
             ... while paralysed by a vampire knight
             ... on level 1 of the Depths.
             The game lasted 01:48:11 (34031 turns).

Ofeo the Slayer (Oni Shapeshifter)                 Turns: 34031, Time: 01:48:12

Health: -1/272     AC: 27    Str: 38    XL:     20   Next: 97%
Magic:  29/29      EV:  1    Int:  5    God:    Jiyva [******]
Gold:   2184       SH:  0    Dex:  9    Spells: 19/19 levels left

rFire   + + +        D - +8 whip "Snakebite" {venom, curare, rPois}
rCold   . . .        k - +5 Storm Queen's Shield {shock, Fly rElec}
rNeg    + + +        K - melded +3 troll leather armour {Snorg}
rPois   ∞            A - +2 hat
rElec   +            T - scarf of the Forsaken Defenders {harm, +Inv rPois rN+++ Int-5}
rCorr   +            (gloves unavailable)
SInv    .            (boots unavailable)
Will    +++..        o - amulet "Ticaep" {Reflect rF+ rCorr MP+9 Str+7 SH+5}
Stlth   +            u - +4 ring of slaying
HPRegen 2.25/turn    U - ring of willpower
MPRegen 1.01/turn

%: harm (+30% outgoing, +20% incoming), reflection
@: paralysed, statue-form, flying
A: slow and powerful, torment resistance 1, boosted hp, large, unfitting armour,
horns 1, (tough skin 1), double potion healing, drunken brawling, hooves 1,
(iridescent scales 1), fire resistance 3, electricity resistance, strong 1,
eyeballs 1, (gelatinous body 2), jelly absorbing missiles, MP-powered wands,
engulf
}: 3/15 runes: decaying, slimy, gossamer
a: Begin Untransformation, Renounce Religion, Evoke Invisibility, Oozemancy,
Slimify


You were on level 1 of the Depths.
You worshipped Jiyva.
Jiyva was exalted by your worship.
You were a living statue of rough stone.
You visited 8 branches of the dungeon, and saw 40 of its levels.
You also visited: Bailey and Gauntlet.

You collected 3688 gold pieces.
You spent 1504 gold pieces at shops.

Inventory:

Hand Weapons
 D - the +8 whip "Snakebite" (weapon) {venom, curare, rPois}
   (You found it in a bailey)

   rPois:     It protects you from poison
Missiles
 b - 214 stones
 g - 26 boomerangs
 H - 31 large rocks
 V - 6 silver javelins
 W - 3 curare-tipped darts
Armour
 k - the +5 Storm Queen's Shield (worn) {shock, Fly rElec}
   (You bought it in a shop on level 2 of the Orcish Mines)

   Shock:     When it blocks an attack, it may electrocute the attacker.
   This works even against foes who are a short distance away.
   rElec:     It insulates you from electricity.
   Fly:       It grants you flight.
 z - a scarf of resistance
 A - a +2 hat (worn)
 K - a +3 troll leather armour (melded) {Snorg}
 T - the scarf of the Forsaken Defenders (worn) {harm, +Inv rPois rN+++ Int-5}
   (You found it on level 4 of the Spider Nest)

   Int-5:     It affects your intelligence (-5).
   rPois:     It protects you from poison rN+++: It renders you almost immune to
   negative energy.
   +Inv:      It lets you turn invisible.
 Z - a scarf of repulsion
Jewellery
 f - the ring "Doibaut" {rC+ Dex+3}
   (You found it on level 5 of the Pits of Slime)

   [ring of protection from cold]

   Dex+3:     It affects your dexterity (+3).
   rC+:       It protects you from cold.
 o - the amulet "Ticaep" (around neck) {Reflect rF+ rCorr MP+9 Str+7 SH+5}
   (You found it on level 5 of the Pits of Slime)

   [amulet of reflection]

   Reflect:   It reflects blocked missile attacks.
   Str+7:     It affects your strength (+7).
   rF+:       It protects you from fire.
   MP+9:      It affects your magic capacity (+9).
   rCorr:     It protects you from acid and corrosion.
   SH+5:      It affects your SH (+5).
 u - a +4 ring of slaying (left fist)
 U - a ring of willpower (right fist)
Talismans
 G - a granite talisman (active)
Wands
 c - a wand of digging (1) {@v1}
 w - a wand of iceblast (13) {@v4}
 E - a wand of charming (12)
 F - a wand of acid (32) {@v2}
 Q - a wand of mindburst (25)
Scrolls
 d - a scroll of silence
 i - 2 scrolls of identify {@r1}
 n - 4 scrolls of amnesia
 p - 4 scrolls of fog
 t - 4 scrolls of revelation
 v - 4 scrolls of poison
 y - 2 scrolls of blinking {@r4}
 B - 3 scrolls of teleportation {@r3}
 C - a scroll of enchant armour
 L - 2 scrolls of enchant weapon
 P - 2 scrolls of brand weapon
Potions
 a - 5 potions of ambrosia
 e - 5 potions of enlightenment
 j - 4 potions of magic
 l - 3 potions of lignification
 m - 4 potions of might {@q4}
 q - 3 potions of curing {@q1}
 r - 3 potions of resistance {@q6}
 s - 4 potions of haste {@q3}
 I - 2 potions of invisibility
 J - 2 potions of cancellation
 R - a potion of berserk rage
 S - 3 potions of attraction
 X - 7 potions of mutation
 Y - a potion of brilliance
Miscellaneous
 h - a phantom mirror
 x - a lightning rod (4/4)
 M - a condenser vane
 N - a box of beasts
 O - a phial of floods


   Skills:
 + Level 23.7 Fighting
 - Level 14.4 Maces & Flails
 - Level 5.7 Armour
 - Level 13.3 Dodging
 - Level 14.0 Shields
 - Level 3.4 Unarmed Combat
 - Level 11.7 Evocations
 * Level 14.6 Shapeshifting


You had 19 spell levels left.
You didn't know any spells.
Your spell library contained the following spells:

 Spells                   Type           Power      Damage    Failure   Level
 Apportation              Tloc           0%         N/A       56%         1
 Foxfire                  Conj/Fire      0%         2x1d4     56%         1
 Magic Dart               Conj           0%         1d3       56%         1
 Slow                     Hex            0%         N/A       56%         1
 Sting                    Conj/Alch      0%         1d3       56%         1
 Blink                    Tloc           0%         N/A       71%         2
 Jinxbite                 Hex            0%         N/A       71%         2
 Lesser Beckoning         Tloc           0%         N/A       71%         2
 Mercury Vapours          Alch/Air       0%         N/A       71%         2
 Momentum Strike          Conj/Tloc      0%         3d8       71%         2
 Searing Ray              Conj           0%         2d4       71%         2
 Static Discharge         Conj/Air       0%         3-3/arc   71%         2
 Confusing Touch          Hex            0%         N/A       91%         3
 Frozen Ramparts          Ice            0%         1d1       91%         3
 Hailstorm                Conj/Ice       0%         3d5       91%         3
 Sigil of Binding         Hex            0%         N/A       91%         3
 Summon Ice Beast         Ice/Summ       0%         N/A       91%         3
 Tukima's Dance           Hex            0%         N/A       91%         3
 Vampiric Draining        Necr           0%         2d6       91%         3
 Airstrike                Air            0%         2d(0-16)  100%        4
 Animate Dead             Necr           0%         N/A       100%        4
 Brom's Barrelling Bould  Conj/Erth      0%         2d3       100%        4
 Cause Fear               Hex            0%         N/A       100%        4
 Fulminant Prism          Conj/Alch      0%         3d5       100%        4
 Leda's Liquefaction      Alch/Erth      0%         N/A       100%        4
 Olgreb's Toxic Radiance  Alch           0%         N/A       100%        4
 Passage of Golubria      Tloc           0%         N/A       100%        4
 Petrify                  Alch/Erth      0%         N/A       100%        4
 Summon Lightning Spire   Summ/Air       0%         N/A       100%        4
 Alistair's Intoxication  Alch           0%         N/A       100%        5
 Borgnjor's Vile Clutch   Necr/Erth      0%         N/A       100%        5
 Fireball                 Conj/Fire      0%         3d3       100%        5
 Iskenderun's Battlesphe  Conj           0%         2d6       100%        5
 Metabolic Englaciation   Hex/Ice        0%         N/A       100%        5
 Summon Forest            Summ/Tloc      0%         N/A       100%        5
 Summon Mana Viper        Hex/Summ       0%         N/A       100%        5
 Yara's Violent Unravell  Hex/Alch       0%         3d3       100%        5
 Conjure Ball Lightning   Conj/Air       0%         3x3d6     100%        6
 Death Channel            Necr           0%         N/A       100%        6
 Eringya's Noxious Bog    Alch           0%         4d6       100%        6
 Plasma Beam              Fire/Air       0%         2x1d10    100%        6
 Sculpt Simulacrum        Ice/Alch       0%         N/A       100%        6
 Starburst                Conj/Fire      0%         6d3       100%        6
 Enfeeble                 Hex            0%         N/A       100%        7
 Haunt                    Necr/Summ      0%         N/A       100%        7
 Monstrous Menagerie      Summ           0%         N/A       100%        7
 Orb of Destruction       Conj           0%         9d5       100%        7
 Summon Hydra             Summ           0%         N/A       100%        7
 Infestation              Necr           0%         N/A       100%        8
 Dragon's Call            Summ           0%         N/A       100%        9


Dungeon Overview and Level Annotations

Branches:
Dungeon (15/15)            Temple (0/1) D:4            Lair (5/5) D:10
  Swamp (4/4) Lair:3       Spider (4/4) Lair:3        Slime (5/5) Lair:5
    Orc (2/2) D:12            Elf (0/3) Orc:2        Vaults (4/5) D:13
  Crypt (0/3) Vaults:2     Depths (1/4) D:15         Bailey (visited)
Gauntlet (visited)

Altars:
Ashenzari
Cheibriados
Fedhas
Gozag
Hepliaklqana
Nemelex Xobeh
Okawaru
Qazlal
Uskayaw
Vehumet
Zin
Jiyva

Shops:
Orc:2 :([*   Vaults:1 [[   Vaults:2 :   Vaults:3 =   Depths:1 ((

Portals:
Hell: Depths:1
Abyss: Lair:2

Annotations:
D:13 exclusion: statue
Slime:5 Royal Jelly


Innate Abilities, Weirdness & Mutations

You are a living statue of rough stone.
Your actions are slow, but your melee attacks are powerful.
You are resistant to unholy torment.
Your maximum health is increased.
Your equipment is partially melded.
You are too large for most types of armour.
You are immune to poison.
You have a pair of small horns on your head.
((You have tough skin. (AC +1)))
You gain doubled healing and magic from potions.
Whenever you drink a healing potion, you attack all around you.
You have large cloven feet.
((You are partially covered in iridescent scales. (AC +2)))
Your flesh is almost immune to the effects of heat. (rF+++)
You are resistant to electric shocks. (rElec)
Your muscles are strong. (Str +4, Int/Dex -1)
Your body has grown eyes which may confuse attackers. (Acc +3)
((Your pliable body absorbs attacks. (AC +2, EV +2)))
You have a small jelly attached to you that may absorb projectiles.
You expend magic power (3 MP) to strengthen your wands.
Your melee attacks may engulf your foes in ooze.


Message History

The cyan ugly thing shocks you. You resist.
The cyan ugly thing trunk-slaps something.
The cyan ugly thing shocks something!
The cyan ugly thing is burned by acid!
The frost giant hits you with a +1 battleaxe of freezing.
The frost giant freezes you. Something hits you. Something bites you.
Something hits you! Something bites you but does no damage.
Something hits the cyan ugly thing.
The cyan ugly thing is splashed with acid!
The cyan ugly thing seems to be corroded for longer.
The brown ugly thing basks in the mutagenic energy from its kin and changes!
The cyan ugly thing completely misses you.
The green ugly thing punches you.
The cyan ugly thing completely misses something.
Something hits you!! Something bites you! Something hits you!!
* * * LOW HITPOINT WARNING * * *
Something bites you but does no damage.
The frost giant hits you with a +1 battleaxe of freezing.
* * * LOW HITPOINT WARNING * * *
The frost giant freezes you.
* * * LOW HITPOINT WARNING * * *
Something completely misses the cyan ugly thing.
The green ugly thing basks in the mutagenic energy from its kin and changes!
The purple ugly thing basks in the mutagenic energy from its kin and changes!
Something hits you!
* * * LOW HITPOINT WARNING * * *
Something bites you but does no damage. Something hits you!
* * * LOW HITPOINT WARNING * * *
Something bites you but does no damage.
The cyan ugly thing basks in the mutagenic energy from its kin and changes!
The cyan ugly thing trunk-slaps something.
The cyan ugly thing shocks something!
The cyan ugly thing is burned by acid!
The green ugly thing punches you but does no damage.
The frost giant hits you with a +1 battleaxe of freezing!
* * * LOW HITPOINT WARNING * * *
The frost giant freezes you.
* * * LOW HITPOINT WARNING * * *
Something hits you!
* * * LOW HITPOINT WARNING * * *
Something bites you!
You die...

..###'###..#.
...#...#...#....##.. ...
...'.∩.'...'.......#....
...#...#J..#.......#....
..###'###J.#............
.###...###.#............
###.....####....uRu.....
##.......##....{uuuu#
.####'####.....†8u#
...............C..#...
...#................#
.................####
...............#.#
...............###
..............##
#.............#
.#...........##


You could see a frost giant, 7 ugly things and a rakshasa.

Vanquished Creatures
  Bai Suzhen (Spider:4)
  Nikola (Depths:1)
  Arachne (Spider:4)
  2 tentacled monstrosities
  Mlioglotl (Spider:3)
  Frances (Swamp:1)
  Kirke (D:14)
  Roxanne (Swamp:2)
  5 ghost moths
  2 fire giants (Depths:1)
  13 vault wardens
  5 emperor scorpions
  3 ghouls (Swamp:3)
  4 orc warlords
  12 ironbound preservers
  5 very ugly things (Depths:1)
  5 broodmothers
  3 stone giants (Depths:1)
  9 ironbound thunderhulks
  A deep elf death mage (Vaults:4)
  2 spark wasps (Spider:4)
  6 dire elephants (Vaults:1)
  6 eleionomae
  A war gargoyle (Depths:1)
  2 bunyips
  2 ettins
  The ghost of ChongLi the Spear-Bearer, a journeyman DsDe of Qazlal (Lair:2)
  Snorg (D:14)
  5 entropy weavers
  9 yaktaur captains
  An ice dragon (Depths:1)
  2 rakshasas
  3 vault guards (Vaults:4)
  3 jorogumos
  An ogre mage (Orc:2)
  15 hydras
  6 alligators
  A hell beast (Depths:1)
  5 ghost crabs
  5 radroaches
  A merfolk avatar (Lair:5)
  7 ironbound frosthearts
  2 catoblepae
  12 centaur warriors
  4 tengu warriors
  6 boulder beetles
  9 two-headed ogres
  A deep troll earth mage (Depths:1)
  6 death yaks (Lair:5)
  7 demonic crawlers
  A deep troll shaman (Depths:1)
  A hell hog (Depths:1)
  2 orc high priests
  A thrashing horror (Lair:2)
  Sonja (Lair:1)
  5 hell knights (Depths:1)
  6 pharaoh ants
  An iron troll (Depths:1)
  A death drake (Swamp:4)
  A sea snake (Lair:5)
  A spectral spark wasp (Depths:1)
  3 goliath frogs
  9 swamp dragons
  A skeletal warrior (D:13)
  39 deep trolls
  3 spriggan druids
  5 bog bodies
  5 orb spiders
  5 arcanists
  9 orc knights
  6 lindwurms
  6 harpies
  6 steelbarb worms
  13 ironbound convokers
  A deep elf archer (D:13)
  6 deep elf pyromancers
  4 necromancers
  36 ugly things
  A deep elf zephyrmancer (D:13)
  5 oklob plants
  23 wolf spiders
  5 manticores
  A frost giant zombie (Vaults:3)
  7 will-o-the-wisps
  3 cyclopes
  5 orc sorcerers
  6 meliai
  A centaur zombie (D:15)
  A shadow dragon skeleton (Vaults:3)
  30 elephants
  3 moths of wrath
  7 vault sentinels
  2 black mambas
  16 cane toads
  Jeremiah (Lair:1)
  5 centaur skeletons
  Maggie (D:10)
  27 yaktaurs
  A kobold demonologist (D:14)
  A rime drake (Lair:4)
  An efreet (D:14)
  A freezing wraith (Depths:1)
  5 tengu conjurers
  8 komodo dragons
  A queen bee (Spider:4)
  4 trolls
  6 polar bears
  2 wind drakes (Lair:5)
  32 tarantellas
  Grinder (D:4)
  8 tyrant leeches
  2 raiju (Lair:2)
  9 dream sheep (Lair:4)
  14 blink frogs
  10 hornets
  A meliai zombie (D:15)
  4 spriggans
  2 shadows (D:11)
  32 jumping spiders
  9 wyverns
  20 culicivoras
  A wraith (D:13)
  4 basilisks
  44 yaks
  4 hogs (D:14)
  A neqoxec (Lair:2)
  3 wargs (Orc:2)
  A steam dragon (D:7)
  63 redbacks
  6 vampire mosquitoes
  An acid dragon (D:9)
  18 swamp worms
  Duvessa (D:5)
  11 water moccasins
  6 swamp drakes (Swamp:4)
  35 orc warriors
  A sky beast (D:6)
  An ice beast (D:7)
  2 black bears
  3 laughing skulls (Gauntlet)
  6 ogres
  20 centaurs
  10 wolves
  5 kobold brigands
  10 bullfrogs
  2 gnoll sergeants (D:9)
  An entropy weaver simulacrum (Vaults:3)
  2 scorpions
  9 wights
  Dowan (D:5)
  15 killer bees
  A jelly (Spider:4)
  6 howler monkeys
  3 electric eels
  5 hounds
  14 orc priests
  2 sleepcaps
  4 iguanas (D:6)
  25 orc wizards
  A boggart skeleton (D:15)
  7 gnolls
  11 adders
  2 white imps
  3 dart slugs
  A ribbon worm (D:4)
  98 orcs
  8 ball pythons
  2 endoplasms (D:1)
  2 giant cockroaches (D:2)
  9 goblins
  6 hobgoblins
  9 jackals
  4 quokkas
  3 bats
  17 kobolds
  4 rats
1244 creatures vanquished.

Vanquished Creatures (collateral kills)
  An eleionoma (Swamp:2)
  A goliath frog (Swamp:2)
  A deep troll (Vaults:3)
  A necromancer (Vaults:3)
  A tarantella (Spider:2)
  2 swamp worms (Swamp:2)
  An orc warrior (Orc:2)
  An orc priest (Orc:2)
  An orc (Orc:2)
10 creatures vanquished.

Vanquished Creatures (others)
  A formless jellyfish (Vaults:4)
  An ironbound thunderhulk (Vaults:4)
  A great orb of eyes (Vaults:4)
  An ironbound frostheart (Vaults:4)
  A centaur warrior (Vaults:1)
  A goliath frog (Lair:3)
  A glowing orange brain (Vaults:2)
  An arcanist (Vaults:2)
  A swamp dragon (Swamp:4)
  An ironbound convoker (Vaults:3)
  A deep elf pyromancer (D:15)
  2 vault sentinels
  7 yaktaurs
  5 bloated husks
  A dream sheep (Lair:4)
  17 slime creatures
  A jumping spider (Spider:4)
  A human (D:14)
  2 vampire mosquitoes (D:14)
  A redback (Spider:4)
  A steam dragon (D:6)
  A water moccasin (Lair:4)
  A swamp drake (Swamp:4)
  2 orc warriors
  4 centaurs
  3 bullfrogs
  A hound (D:6)
  113 jellies
  2 orc priests
  3 iguanas
  A sleepcap (D:7)
  An orc wizard (D:11)
  4 gnolls
  6 endoplasms
  16 orcs
  A giant cockroach (D:4)
  2 goblins (D:2)
  A hobgoblin (D:3)
  A jackal (D:5)
  A quokka (D:2)
  2 ball pythons
  4 rats
  30 foxfires
249 creatures vanquished.

Grand Total: 1503 creatures vanquished

Notes
Turn   | Place    | Note
-------+----------+-------------------------------------------
     0 | D:1      | Ofeo the Oni Shapeshifter began the quest for the Orb.
     0 | D:1      | Reached XP level 1. HP: 19/19 MP: 1/1
   195 | D:1      | Reached XP level 2. HP: 28/28 MP: 2/2
   498 | D:1      | Found a faded altar of an unknown god.
   522 | D:1      | Prayed at the altar of an unknown god.
   522 | D:1      | Became a worshipper of Jiyva Jitazode the Shapeless
   522 | D:1      | Reached * piety under Jiyva
   598 | D:1      | Reached skill level 2 in Fighting
  1156 | D:2      | Reached XP level 3. HP: 35/35 MP: 3/3
  1239 | D:2      | Reached ** piety under Jiyva
  1501 | D:2      | Reached XP level 4. HP: 44/44 MP: 4/4
  1528 | D:2      | Found a snail-covered altar of Cheibriados.
  1901 | D:2      | Reached skill level 3 in Fighting
  2051 | D:3      | Reached *** piety under Jiyva
  2400 | D:3      | Reached XP level 5. HP: 53/53 MP: 5/5
  2798 | D:4      | Noticed an ogre
  2800 | D:4      | Gained mutation: You have large cloven feet. [potion of
                  | mutation]
  2800 | D:4      | Gained mutation: Potions are less effective at restoring
                  | your health. [potion of mutation]
  2800 | D:4      | Gained mutation: Your spells are a little harder to cast,
                  | but a little more powerful. [potion of mutation]
  2803 | D:4      | Killed an ogre
  2804 | D:4      | Reached XP level 6. HP: 19/62 MP: 6/6
  2807 | D:4      | Gained mutation: Your skin changes colour to match your
                  | surroundings (Stealth+). [Jiyva's grace]
  2807 | D:4      | Gained mutation: Your skin blends seamlessly with your
                  | surroundings (Stealth++). [Jiyva's grace]
  2807 | D:4      | Gained mutation: Your skin perfectly mimics your
                  | surroundings (Stealth+++). [Jiyva's grace]
  2807 | D:4      | Gained mutation: Your spells are harder to cast, but more
                  | powerful. [Jiyva's grace]
  2828 | D:4      | Reached skill level 4 in Fighting
  2905 | D:4      | Found a staircase to the Ecumenical Temple.
  3047 | D:4      | Reached **** piety under Jiyva
  3107 | D:4      | Noticed Grinder
  3126 | D:4      | Found an iron altar of Okawaru.
  3132 | D:4      | Killed Grinder
  3133 | D:4      | Reached skill level 5 in Fighting
  3133 | D:4      | Reached XP level 7. HP: 50/72 MP: 7/7
  3374 | D:5      | Entered Level 5 of the Dungeon
  3554 | D:5      | Noticed Duvessa
  3567 | D:5      | Reached skill level 5 in Shapeshifting
  3592 | D:5      | Noticed Dowan
  3595 | D:5      | Killed Dowan
  3598 | D:5      | Killed Duvessa
  3599 | D:5      | Reached skill level 6 in Fighting
  3610 | D:5      | Reached XP level 8. HP: 63/84 MP: 8/8
  4301 | D:6      | Reached skill level 5 in Dodging
  4314 | D:6      | Found a hazy altar of Hepliaklqana.
  4371 | D:6      | Reached ***** piety under Jiyva
  4379 | D:6      | Reached skill level 7 in Fighting
  4404 | D:6      | Found a hide-covered altar of Uskayaw.
  4943 | D:7      | Found a flagged portal.
  4973 | Bailey   | Entered a bailey
  4973 | Bailey   | Lost mutation: Your skin perfectly mimics your surroundings
                  | (Stealth+++). [Jiyva's grace]
  4973 | Bailey   | Lost mutation: Potions are less effective at restoring your
                  | health. [Jiyva's grace]
  4973 | Bailey   | Gained mutation: Armour fits poorly on your pseudopods.
                  | [Jiyva's grace]
  4973 | Bailey   | Gained mutation: Armour fits poorly on your large
                  | pseudopods. [Jiyva's grace]
  4973 | Bailey   | Gained mutation: Armour fits poorly on your massive
                  | pseudopods. [Jiyva's grace]
  4973 | Bailey   | Gained mutation: You have a pair of horns on your head.
                  | [Jiyva's grace]
  5014 | Bailey   | Reached skill level 8 in Fighting
  5109 | Bailey   | Reached XP level 9. HP: 64/97 MP: 9/9
  5188 | Bailey   | Found the +8 whip "Snakebite" {venom, curare, rPois}
  5202 | Bailey   | Reached skill level 9 in Fighting
  5204 | Bailey   | HP: 1/98 [orc warrior/+0 glaive (15)]
  6174 | D:7      | Reached skill level 10 in Fighting
  6174 | D:7      | Reached skill level 1 in Maces & Flails
  6194 | D:7      | Reached XP level 10. HP: 54/109 MP: 10/10
  6590 | D:8      | Identified a scroll of acquirement
  6590 | D:8      | Acquired 876 gold pieces
  6617 | D:8      | Found an opulent altar of Gozag.
  6617 | D:8      | Found a sparkling altar of Nemelex Xobeh.
  6664 | D:8      | Noticed a two-headed ogre
  6674 | D:8      | Killed a two-headed ogre
  6809 | D:8      | Reached skill level 5 in Maces & Flails
  6814 | D:8      | Reached skill level 11 in Fighting
  7376 | D:9      | Reached ****** piety under Jiyva
  7412 | D:9      | Identified the +3 leather armour "Tuqucvin" {Will+}
  7490 | D:9      | Lost mutation: You have large cloven feet. [Jiyva's grace]
  7490 | D:9      | Lost mutation: Your spells are harder to cast, but more
                  | powerful. [Jiyva's grace]
  7490 | D:9      | Gained mutation: Your spells are harder to cast, but more
                  | powerful. [Jiyva's grace]
  7490 | D:9      | Gained mutation: Your spells are much harder to cast, but
                  | much more powerful. [Jiyva's grace]
  7490 | D:9      | Gained mutation: Your melee attacks may engulf your foes in
                  | ooze. [Jiyva's grace]
  7490 | D:9      | Gained mutation: You passively dampen the noise of your
                  | surroundings. [Jiyva's grace]
  7828 | D:10     | Entered Level 10 of the Dungeon
  8036 | D:10     | Found a radiant altar of Vehumet.
  8040 | D:10     | Found a stormy altar of Qazlal.
  8119 | D:10     | Noticed Maggie
  8128 | D:10     | Killed Maggie
  8219 | D:10     | Reached XP level 11. HP: 108/123 MP: 11/11
  8257 | D:10     | Found a staircase to the Lair.
  8743 | D:11     | Noticed a cyclops
  8743 | D:11     | Found a gate leading to a gauntlet.
  8748 | D:11     | Killed a cyclops
  8749 | D:11     | Reached skill level 12 in Fighting
  8762 | Gauntlet | Entered a Gauntlet
  8762 | Gauntlet | Found a transporter.
  8762 | Gauntlet | Found a transporter.
  8763 | Gauntlet | Found a transporter.
  8764 | Gauntlet | Found a transporter.
  8767 | Gauntlet | Found a transporter.
  8771 | Gauntlet | Found a runed translucent door.
  8771 | Gauntlet | Found a runed translucent door.
  8773 | Gauntlet | Noticed a death scarab
  8774 | Gauntlet | Found a transporter.
  8775 | Gauntlet | Found a transporter.
  8776 | Gauntlet | Found a transporter.
  8778 | Gauntlet | Found a transporter.
  8782 | Gauntlet | Noticed a green death
  8785 | Gauntlet | Noticed a quicksilver ooze
  8786 | Gauntlet | Found a transporter.
  8787 | Gauntlet | Found a transporter.
  8820 | Gauntlet | Noticed a tengu warrior
  8861 | Gauntlet | Found a transporter.
  8975 | Gauntlet | Killed a tengu warrior
  9063 | Gauntlet | Identified the +1 pair of gloves of Utoopuamne {rPois
                  | Dex+3}
  9099 | Gauntlet | Identified the +3 falchion "Naotil" {protect, rElec Str+3
                  | Dex+2}
  9099 | Gauntlet | Noticed a minotaur
  9105 | Gauntlet | Slimified a minotaur
  9105 | Gauntlet | a minotaur changed into an azure jelly
  9105 | Gauntlet | Noticed an azure jelly
  9112 | Gauntlet | Identified the +5 arbalest "Qizy" {flame, Dex+2}
  9163 | D:11     | Noticed a boulder beetle
  9172 | D:11     | Killed a boulder beetle
  9181 | D:11     | Reached skill level 1 in Evocations
 10058 | D:12     | Lost mutation: You have a pair of horns on your head.
                  | [Jiyva's grace]
 10058 | D:12     | Lost mutation: Your spells are much harder to cast, but
                  | much more powerful. [Jiyva's grace]
 10058 | D:12     | Lost mutation: Armour fits poorly on your massive
                  | pseudopods. [Jiyva's grace]
 10058 | D:12     | Gained mutation: Your rubbery body absorbs attacks. (AC +1,
                  | EV +1) [Jiyva's grace]
 10058 | D:12     | Gained mutation: Your pliable body absorbs attacks. (AC +2,
                  | EV +2) [Jiyva's grace]
 10058 | D:12     | Gained mutation: Your gelatinous body deflects attacks. (AC
                  | +3, EV +3) [Jiyva's grace]
 10058 | D:12     | Gained mutation: You have a small jelly attached to you
                  | that may absorb projectiles. [Jiyva's grace]
 10070 | D:12     | Noticed a cyclops
 10080 | D:12     | Killed a cyclops
 10093 | D:12     | Noticed a deep elf pyromancer
 10100 | D:12     | Killed a deep elf pyromancer
 10108 | D:12     | Found a blossoming altar of Fedhas.
 10127 | D:12     | Noticed a centaur warrior
 10134 | D:12     | Killed a centaur warrior
 10135 | D:12     | Reached skill level 13 in Fighting
 10217 | D:12     | Found a staircase to the Orcish Mines.
 10248 | D:12     | Noticed a two-headed ogre
 10254 | D:12     | Killed a two-headed ogre
 10255 | D:12     | Reached XP level 12. HP: 125/136 MP: 12/12
 10270 | D:12     | Reached skill level 10 in Maces & Flails
 10285 | D:12     | Found a stormy altar of Qazlal.
 10958 | Lair:1   | Entered Level 1 of the Lair of Beasts
 11054 | Lair:1   | Noticed Jeremiah
 11075 | Lair:1   | Noticed Sonja
 11104 | Lair:1   | Killed Jeremiah
 11302 | Lair:1   | Killed Sonja
 11303 | Lair:1   | Reached skill level 14 in Fighting
 11820 | Lair:1   | Lost mutation: Your gelatinous body deflects attacks. (AC
                  | +3, EV +3) [Jiyva's grace]
 11820 | Lair:1   | Lost mutation: Your melee attacks may engulf your foes in
                  | ooze. [Jiyva's grace]
 11820 | Lair:1   | Gained mutation: You have large cloven feet. [Jiyva's
                  | grace]
 11820 | Lair:1   | Gained mutation: You have hoof-like feet. [Jiyva's grace]
 11820 | Lair:1   | Gained mutation: You have hooves in place of feet. [Jiyva's
                  | grace]
 11820 | Lair:1   | Gained mutation: You are partially covered in iridescent
                  | scales. (AC +2) [Jiyva's grace]
 11974 | Lair:2   | Noticed ChongLi's ghost (journeyman DsDe)
 11975 | Lair:2   | Noticed a thrashing horror
 11987 | Lair:2   | Reached skill level 5 in Evocations
 12028 | Lair:2   | Reached XP level 13. HP: 148/148 MP: 13/13
 12044 | Lair:2   | Found a stormy altar of Qazlal.
 12082 | Lair:2   | Found a transporter.
 12096 | Lair:2   | Found a transporter.
 12573 | Lair:2   | Reached skill level 15 in Fighting
 12731 | Lair:2   | Found a one-way gate to the infinite horrors of the Abyss.
 12778 | Lair:2   | Killed ChongLi's ghost
 13544 | Lair:3   | Found a staircase to the Swamp.
 13755 | Lair:3   | Found a hole to the Spider Nest.
 14172 | Lair:4   | Lost mutation: Your spells are harder to cast, but more
                  | powerful. [Jiyva's grace]
 14172 | Lair:4   | Lost mutation: Your pliable body absorbs attacks. (AC +2,
                  | EV +2) [Jiyva's grace]
 14172 | Lair:4   | Lost mutation: Armour fits poorly on your large pseudopods.
                  | [Jiyva's grace]
 14172 | Lair:4   | Gained mutation: You have acidic saliva. [Jiyva's grace]
 14172 | Lair:4   | Gained mutation: Armour fits poorly on your large
                  | pseudopods. [Jiyva's grace]
 14172 | Lair:4   | Gained mutation: Armour fits poorly on your massive
                  | pseudopods. [Jiyva's grace]
 14172 | Lair:4   | Gained mutation: You expend magic power (3 MP) to
                  | strengthen your wands. [Jiyva's grace]
 14284 | Lair:4   | Reached skill level 16 in Fighting
 14293 | Lair:4   | Reached XP level 14. HP: 38/162 MP: 14/14
 14429 | Lair:4   | Identified the +6 rapier of Xoir {drain, Dex+6}
 15254 | Lair:5   | Entered Level 5 of the Lair of Beasts
 15281 | Lair:5   | Reached skill level 1 in Armour
 15381 | Lair:5   | Identified the +5 falchion of Etwiunah {flame, rF+ rC+
                  | Dex+2}
 15498 | Lair:5   | Lost mutation: You are partially covered in iridescent
                  | scales. (AC +2) [Jiyva's grace]
 15498 | Lair:5   | Lost mutation: You passively dampen the noise of your
                  | surroundings. [Jiyva's grace]
 15498 | Lair:5   | Gained mutation: Your body has grown eyes which may confuse
                  | attackers. (Acc +3) [Jiyva's grace]
 15498 | Lair:5   | Gained mutation: Your body has grown many eyes which may
                  | confuse attackers. (Acc +5) [Jiyva's grace]
 15498 | Lair:5   | Gained mutation: Your body is covered in eyes which may
                  | confuse attackers. (Acc +7, SInv) [Jiyva's grace]
 15498 | Lair:5   | Gained mutation: Your flesh is heat resistant. (rF+)
                  | [Jiyva's grace]
 15747 | Lair:5   | Found a viscous altar of Jiyva.
 15747 | Lair:5   | Found a staircase to the Slime Pits.
 15957 | Lair:5   | Reached skill level 17 in Fighting
 16407 | Lair:5   | Reached skill level 10 in Dodging
 16616 | Slime:1  | Entered Level 1 of the Pits of Slime
 16617 | Slime:1  | Noticed a rockslime
 16624 | Slime:1  | Noticed an acid blob
 16638 | Slime:1  | Noticed a rockslime
 16645 | Slime:2  | Noticed an acid blob
 16650 | Slime:2  | Noticed an azure jelly
 16651 | Slime:2  | Noticed a rockslime
 16653 | Slime:3  | Noticed a rockslime
 16653 | Slime:3  | Noticed an acid blob
 16654 | Slime:3  | Noticed an acid blob
 16661 | Slime:4  | Noticed a quicksilver ooze
 16661 | Slime:4  | Noticed an acid blob
 16674 | Slime:5  | Entered Level 5 of the Pits of Slime
 16674 | Slime:5  | Noticed a quicksilver ooze
 16691 | Slime:5  | Noticed a rockslime
 16692 | Slime:5  | Noticed a quicksilver ooze
 16692 | Slime:5  | Noticed a formless jellyfish
 16692 | Slime:5  | Noticed a formless jellyfish
 16693 | Slime:5  | Noticed an acid blob
 16693 | Slime:5  | Noticed a quicksilver ooze
 16693 | Slime:5  | Noticed an acid blob
 16694 | Slime:5  | Noticed a formless jellyfish
 16703 | Slime:5  | Noticed an acid blob
 16704 | Slime:5  | Noticed a rockslime
 16705 | Slime:5  | Noticed a rockslime
 16706 | Slime:5  | Noticed an acid blob
 16708 | Slime:5  | Noticed a rockslime
 16717 | Slime:5  | Noticed an azure jelly
 16718 | Slime:5  | Found a viscous altar of Jiyva.
 16719 | Slime:5  | Noticed the Royal Jelly
 16725 | Slime:5  | Noticed an acid blob
 16728 | Slime:5  | Identified the ring "Doibaut" {rC+ Dex+3}
 16737 | Slime:5  | Identified the +8 halberd of the Extremes {drain, rN+
                  | rCorr}
 16740 | Slime:5  | Got a starry gem with 478 turns to spare
 16740 | Slime:5  | Got a slimy rune of Zot
 16744 | Slime:5  | Identified the ring of Qiclul {rCorr MP+9 Str+3 Int+3}
 16746 | Slime:5  | Identified the +6 arbalest of the Tooth {drain, rF+}
 16747 | Slime:5  | Identified the +5 morningstar "Beetlebane" {flame, rN+}
 16752 | Slime:5  | Identified the +12 shortbow of Cadafuon {antimagic, Will+
                  | Int+7 Dex-5 SInv}
 16754 | Slime:5  | Identified the amulet "Ticaep" {Reflect rF+ rCorr MP+9
                  | Str+7 SH+5}
 16785 | Slime:5  | Identified the +8 ring mail of Recklessness {Harm rPois
                  | Regen+ Int+3 Stlth+}
 17097 | Orc:1    | Entered Level 1 of the Orcish Mines
 17109 | Orc:1    | Reached XP level 15. HP: 120/168 MP: 15/15
 17296 | Orc:2    | Entered Level 2 of the Orcish Mines
 17519 | Orc:2    | Reached skill level 5 in Armour
 17623 | Orc:2    | Noticed an orc warlord
 17671 | Orc:2    | Killed an orc warlord
 17685 | Orc:2    | Found Lisezyat's Antique Weapon Shoppe.
 17701 | Orc:2    | Found Nudd's General Store.
 17718 | Orc:2    | Found Sopru's Antique Armour Shoppe.
 17734 | Orc:2    | Found Pon Ziu's Book Shoppe.
 17798 | Orc:2    | Noticed an orc warlord
 17851 | Orc:2    | Killed an orc warlord
 17852 | Orc:2    | Reached skill level 18 in Fighting
 17970 | Orc:2    | Found a staircase to the Elven Halls.
 18212 | Orc:2    | Bought the +5 Storm Queen's Shield {shock, Fly rElec} for
                  | 1504 gold pieces
 18212 | Orc:2    | Found the +5 Storm Queen's Shield {shock, Fly rElec}
 18337 | D:13     | Found a radiant altar of Vehumet.
 18480 | D:13     | Reached skill level 1 in Shields
 18620 | D:13     | Found a gate to the Vaults.
 18788 | D:13     | Lost mutation: Your skin blends seamlessly with your
                  | surroundings (Stealth++). [Jiyva's grace]
 18788 | D:13     | Lost mutation: Your flesh is heat resistant. (rF+) [Jiyva's
                  | grace]
 18788 | D:13     | Lost mutation: Your spells are a little harder to cast, but
                  | a little more powerful. [Jiyva's grace]
 18788 | D:13     | Lost mutation: Armour fits poorly on your massive
                  | pseudopods. [Jiyva's grace]
 18788 | D:13     | Gained mutation: Armour fits poorly on your massive
                  | pseudopods. [Jiyva's grace]
 18788 | D:13     | Gained mutation: You are partially covered in iridescent
                  | scales. (AC +2) [Jiyva's grace]
 18788 | D:13     | Gained mutation: You are mostly covered in iridescent
                  | scales. (AC +4) [Jiyva's grace]
 18788 | D:13     | Gained mutation: You are completely covered in iridescent
                  | scales. (AC +6) [Jiyva's grace]
 19098 | D:14     | Noticed Kirke
 19117 | D:14     | Killed Kirke
 19143 | D:14     | Noticed Louise
 19151 | D:14     | Slimified Louise
 19151 | D:14     | Louise changed into Louise the azure jelly
 19151 | D:14     | Noticed Louise
 19176 | D:14     | Found a glowing silver altar of Zin.
 19176 | D:14     | Noticed an angel
 19343 | D:14     | Noticed Snorg
 19351 | D:14     | Killed Snorg
 19401 | D:14     | Reached XP level 16. HP: 188/188 MP: 16/16
 20134 | D:15     | Entered Level 15 of the Dungeon
 20159 | D:15     | Reached skill level 5 in Shields
 20346 | D:15     | Found a broken altar of Ashenzari.
 20996 | D:15     | Found a staircase to the Depths.
 21346 | Spider:1 | Entered Level 1 of the Spider Nest
 21575 | Spider:1 | Reached skill level 10 in Evocations
 21583 | Spider:1 | Reached skill level 19 in Fighting
 21834 | Spider:1 | Lost mutation: You have hooves in place of feet. [Jiyva's
                  | grace]
 21834 | Spider:1 | Lost mutation: Your body is covered in eyes which may
                  | confuse attackers. (Acc +7, SInv) [Jiyva's grace]
 21834 | Spider:1 | Lost mutation: Your body has grown many eyes which may
                  | confuse attackers. (Acc +5) [Jiyva's grace]
 21834 | Spider:1 | Lost mutation: Armour fits poorly on your massive
                  | pseudopods. [Jiyva's grace]
 21834 | Spider:1 | Lost mutation: Armour fits poorly on your large pseudopods.
                  | [Jiyva's grace]
 21834 | Spider:1 | Lost mutation: You have a small jelly attached to you that
                  | may absorb projectiles. [Jiyva's grace]
 21834 | Spider:1 | Gained mutation: Your melee attacks may engulf your foes in
                  | ooze. [Jiyva's grace]
 21834 | Spider:1 | Gained mutation: Your body has grown many eyes which may
                  | confuse attackers. (Acc +5) [Jiyva's grace]
 21834 | Spider:1 | Gained mutation: Your body is covered in eyes which may
                  | confuse attackers. (Acc +7, SInv) [Jiyva's grace]
 21834 | Spider:1 | Gained mutation: Your spells are a little harder to cast,
                  | but a little more powerful. [Jiyva's grace]
 22921 | Spider:3 | Noticed Mlioglotl
 22930 | Spider:3 | Killed Mlioglotl
 22943 | Spider:3 | Reached XP level 17. HP: 158/198 MP: 0/17
 23730 | Spider:3 | Identified the scarf of Salvation {+Inv, -Tele rElec rN+
                  | Dex+5}
 23752 | Spider:3 | Found the +15 Maxwell's patent armour {-Cast -Tele rElec
                  | Will+ rCorr}
 23768 | Spider:3 | Identified the +0 cloak of the Present {rF+ Dex+2}
 23780 | Spider:3 | Identified the +7 falchion of Niyniu {heavy, rPois MP+9}
 23789 | Spider:3 | Identified the +10 great mace "Giant's Curse" {elec, Fly
                  | rElec rF- Dex+5}
 23834 | Spider:4 | Entered Level 4 of the Spider Nest
 23866 | Spider:4 | Lost mutation: You are completely covered in iridescent
                  | scales. (AC +6) [Jiyva's grace]
 23866 | Spider:4 | Lost mutation: Your skin changes colour to match your
                  | surroundings (Stealth+). [Jiyva's grace]
 23866 | Spider:4 | Lost mutation: Your rubbery body absorbs attacks. (AC +1,
                  | EV +1) [Jiyva's grace]
 23866 | Spider:4 | Lost mutation: Armour fits poorly on your pseudopods.
                  | [Jiyva's grace]
 23866 | Spider:4 | Lost mutation: You expend magic power (3 MP) to strengthen
                  | your wands. [Jiyva's grace]
 23866 | Spider:4 | Lost mutation: Your melee attacks may engulf your foes in
                  | ooze. [Jiyva's grace]
 23866 | Spider:4 | Gained mutation: You possess an exceptional clarity of
                  | mind. [Jiyva's grace]
 23866 | Spider:4 | Gained mutation: You are agile. (Dex +4, Str/Int -1)
                  | [Jiyva's grace]
 23866 | Spider:4 | Gained mutation: You are very agile. (Dex +8, Str/Int -2)
                  | [Jiyva's grace]
 23866 | Spider:4 | Gained mutation: You are resistant to electric shocks.
                  | (rElec) [Jiyva's grace]
 23891 | Spider:4 | Reached skill level 20 in Fighting
 23920 | Spider:4 | Noticed Arachne
 23939 | Spider:4 | Killed Arachne
 24011 | Spider:4 | Reached skill level 10 in Shields
 24145 | Spider:4 | Identified the scarf of the Forsaken Defenders {harm, +Inv
                  | rPois rN+++ Int-5}
 24164 | Spider:4 | Got a gossamer rune of Zot
 24479 | Spider:4 | Reached XP level 18. HP: 192/213 MP: 18/18
 24532 | Spider:4 | Noticed Bai Suzhen
 24554 | Spider:4 | Killed Bai Suzhen
 25000 | Swamp:1  | Entered Level 1 of the Swamp
 25083 | Swamp:1  | Noticed Frances
 25097 | Swamp:1  | Killed Frances
 25455 | Swamp:2  | Noticed Roxanne
 25481 | Swamp:2  | HP: 10/213 [will-o-the-wisp/foxfire (15)]
 25629 | Swamp:2  | Killed Roxanne
 25840 | Swamp:2  | Lost mutation: You are very agile. (Dex +8, Str/Int -2)
                  | [Jiyva's grace]
 25840 | Swamp:2  | Lost mutation: You are agile. (Dex +4, Str/Int -1) [Jiyva's
                  | grace]
 25840 | Swamp:2  | Lost mutation: Your spells are a little harder to cast, but
                  | a little more powerful. [Jiyva's grace]
 25840 | Swamp:2  | Lost mutation: Your body is covered in eyes which may
                  | confuse attackers. (Acc +7, SInv) [Jiyva's grace]
 25840 | Swamp:2  | Gained mutation: Your body is covered in eyes which may
                  | confuse attackers. (Acc +7, SInv) [Jiyva's grace]
 25840 | Swamp:2  | Gained mutation: Your rubbery body absorbs attacks. (AC +1,
                  | EV +1) [Jiyva's grace]
 25840 | Swamp:2  | Gained mutation: Your pliable body absorbs attacks. (AC +2,
                  | EV +2) [Jiyva's grace]
 25840 | Swamp:2  | Gained mutation: Your gelatinous body deflects attacks. (AC
                  | +3, EV +3) [Jiyva's grace]
 25986 | Swamp:3  | Noticed a tentacled monstrosity
 25996 | Swamp:2  | Killed a tentacled monstrosity
 26391 | Swamp:3  | Reached skill level 21 in Fighting
 26790 | Swamp:4  | Entered Level 4 of the Swamp
 26913 | Swamp:4  | Noticed the 27-headed Lernaean hydra
 26920 | Swamp:4  | Slimified the 27-headed Lernaean hydra
 26920 | Swamp:4  | the 27-headed Lernaean hydra changed into an azure jelly
                  | shaped Lernaean hydra
 26920 | Swamp:4  | Noticed an azure jelly shaped Lernaean hydra
 26953 | Swamp:4  | Got a decaying rune of Zot
 27392 | Swamp:4  | Reached XP level 19. HP: 221/223 MP: 19/19
 27393 | Swamp:4  | Noticed a tentacled monstrosity
 27403 | Swamp:4  | Killed a tentacled monstrosity
 27807 | Vaults:1 | Entered Level 1 of the Vaults
 28679 | Vaults:1 | Found Ridol's Armour Boutique.
 28737 | Vaults:1 | Reached skill level 10 in Shapeshifting
 28807 | Vaults:1 | Lost mutation: You have hoof-like feet. [Jiyva's grace]
 28807 | Vaults:1 | Lost mutation: You are mostly covered in iridescent scales.
                  | (AC +4) [Jiyva's grace]
 28807 | Vaults:1 | Gained mutation: You have a small jelly attached to you
                  | that senses nearby items. [Jiyva's grace]
 28807 | Vaults:1 | Gained mutation: Your muscles are strong. (Str +4, Int/Dex
                  | -1) [Jiyva's grace]
 28807 | Vaults:1 | Gained mutation: Your muscles are very strong. (Str +8,
                  | Int/Dex -2) [Jiyva's grace]
 28807 | Vaults:1 | Gained mutation: Your melee attacks may engulf your foes in
                  | ooze. [Jiyva's grace]
 28821 | Vaults:1 | Found Cuodietacs's Antique Armour Boutique.
 29350 | Vaults:2 | Found Tanidoong's Book Shoppe.
 29910 | Vaults:2 | Reached skill level 22 in Fighting
 30225 | Vaults:2 | Found a staircase to the Crypt.
 30539 | Vaults:3 | You are sucked into a shaft and drop 1 floor!
 30560 | Vaults:4 | Reached XP level 20. HP: 211/237 MP: 20/20
 30651 | Vaults:4 | Lost mutation: You possess an exceptional clarity of mind.
                  | [Jiyva's grace]
 30651 | Vaults:4 | Lost mutation: You have acidic saliva. [Jiyva's grace]
 30651 | Vaults:4 | Lost mutation: Your body is covered in eyes which may
                  | confuse attackers. (Acc +7, SInv) [Jiyva's grace]
 30651 | Vaults:4 | Lost mutation: Your body has grown many eyes which may
                  | confuse attackers. (Acc +5) [Jiyva's grace]
 30651 | Vaults:4 | Lost mutation: Your gelatinous body deflects attacks. (AC
                  | +3, EV +3) [Jiyva's grace]
 30651 | Vaults:4 | Lost mutation: You have a small jelly attached to you that
                  | senses nearby items. [Jiyva's grace]
 30651 | Vaults:4 | Gained mutation: You have a small jelly attached to you
                  | that may absorb projectiles. [Jiyva's grace]
 30651 | Vaults:4 | Gained mutation: You expend magic power (3 MP) to
                  | strengthen your wands. [Jiyva's grace]
 30651 | Vaults:4 | Lost mutation: You have large cloven feet. [Jiyva's grace]
 30651 | Vaults:4 | Gained mutation: You have sharp toenails. [Jiyva's grace]
 30651 | Vaults:4 | Gained mutation: You have razor-sharp toenails. [Jiyva's
                  | grace]
 31481 | Vaults:3 | Reached skill level 23 in Fighting
 31939 | Vaults:3 | Found Nyloceul's Jewellery Shoppe.
 31947 | Vaults:3 | Identified the +2 pair of gloves "Earthly Heaven" {rElec
                  | rC+ Str-3 Int+3}
 32949 | Vaults:4 | Identified the +8 plate armour of Xom, Sharing {Rampage
                  | rElec SInv Stlth-}
 33190 | Depths:1 | Entered Level 1 of the Depths
 33232 | Depths:1 | Noticed Nikola
 33241 | Depths:1 | Killed Nikola
 33263 | Depths:1 | Lost mutation: Your muscles are very strong. (Str +8,
                  | Int/Dex -2) [Jiyva's grace]
 33263 | Depths:1 | Gained mutation: Your flesh is heat resistant. (rF+)
                  | [Jiyva's grace]
 33263 | Depths:1 | Gained mutation: Your flesh is very heat resistant. (rF++)
                  | [Jiyva's grace]
 33263 | Depths:1 | Gained mutation: Your flesh is almost immune to the effects
                  | of heat. (rF+++) [Jiyva's grace]
 33263 | Depths:1 | Lost mutation: You have razor-sharp toenails. [Jiyva's
                  | grace]
 33263 | Depths:1 | Lost mutation: You have sharp toenails. [Jiyva's grace]
 33263 | Depths:1 | Gained mutation: You have large cloven feet. [Jiyva's
                  | grace]
 33384 | Depths:1 | Found Lagok's Weapon Boutique.
 33736 | Depths:1 | Found Mitargh's Antique Weapon Shop.
 33894 | Depths:1 | Found a gateway to Hell.
 34027 | Depths:1 | Paralysed by something for 4 turns
 34031 | Depths:1 | HP: 8/272 [something (14)]
 34031 | Depths:1 | Slain by a vampire knight (illusionary)

Illustrated notes

Levels and vault maps discovered:
D:1:      minmay_arrival_shattered_statue, layout_basic, basic_ecumenical_altar
D:2:      layout_basic, basic_altar, nicolae_half_adder
D:3:      layout_loops_ring, minivault_4
D:4:      layout_rooms, okawaru_gym_becter, minmay_temple_entry_glass,
          bh_walls_and_bars, uniq_grinder
D:5:      layout_loops_ring, uniq_duvessa
D:6:      layout_cave_pools, mainiacjoe_overflow_catch_the_wave,
          item_on_display_a
D:7:      layout_rooms, enter_bailey_6, supply_closet_lemuel,
          ebering_dispersal_statue_hall
D:8:      layout_cave_pools, grunt_temple_overflow_opulence
D:9:      layout_basic, minmay_chambers_of_fives
D:10:     layout_loops_cross, nicolae_overflow_squiral, erik_lair_island,
          uniq_maggie
D:11:     layout_stronghold, gauntlet_entry_generic
D:12:     layout_cave_pools, hiddenorc1_lemuel, serial_park, serial_park_gazebo
          [serial_park_minivault_5x5_6], serial_park_square2,
          serial_park_tiny_pond, serial_park_square2
D:13:     layout_roguey, hangedman_vaults_entry_quadrant_bands, vehumet_statue
D:14:     layout_loops_ring, zin_angel, hangedman_decor_diamond_cutter,
          uniq_kirke, uniq_louise, uniq_snorg
D:15:     grunt_enter_depths_magical_seal, layout_stronghold,
          nicolae_ashenzari_panopticon, kb_tengu_band
Lair:1:   layout_cave_pods, uniq_jeremiah, uniq_sonja
Lair:2:   layout_roguey, gammafunk_ghost_abyssal_escape, lemuel_oklob_altar
Lair:3:   layout_regular_city, mainiacjoe_swamp_entry_lozenge_pond,
          hellmonk_spider_entry_life_and_decay, serial_bayou_shore_b
Lair:4:   layout_regular_city, grunt_megastairs_4, lemuel_fruit_tree
Lair:5:   gammafunk_lair_ancient_temple, layout_regular_city,
          minmay_slime_entry_oklob_open, dpeg_oklob_1
Swamp:1:  layout_falls_marsh, evilmike_swamp_ruin_house_1, uniq_frances
Swamp:2:  layout_falls_marsh, infiniplex_staircase_pool, uniq_roxanne
Swamp:3:  nicolae_swamp_husk_halls, layout_basic_swamp,
          evilmike_swamp_ruin_house_4
Swamp:4:  swamp_old_school, layout_basic_swamp, infiniplex_staircase_pool_2,
          nicolae_swamp_long_stream, nicolae_swamp_tree_isthmus
Spider:1: layout_spider_delve
Spider:2: layout_spider_delve
Spider:3: nicolae_spider_mines_3, nicolae_spider_bug_shape, uniq_mlioglotl
Spider:4: spider_rune_water, nicolae_looking_at_the_future, uniq_arachne,
          uniq_bai_suzhen
Slime:1:  layout_caves, cheibrodos_slime_lost_civilization_6
Slime:2:  layout_caves
Slime:3:  layout_caves
Slime:4:  layout_caves
Slime:5:  slime_pit_nicolae_royal_road_to_ruin
Orc:1:    layout_caves, sword_in_stone, uniq_jorgrun
Orc:2:    grunt_orc_cross, layout_caves, basic_altar
Vaults:1: nicolae_vaults_inception_corners, v_misc_10,
          nicolae_vaults_border_crossing,
          nicolae_vaults_taking_the_gang_shopping,
          nicolae_vaults_mini_display_case, nicolae_vaults_yaktaur_gun_rack,
          nicolae_vaults_trapezoid_3, nicolae_vaults_octothorpe,
          layout_vaults_omnigrid, serial_shops, nicolae_shop_waterfront
Vaults:2: hangedman_vaults_variations, vaults_dpeg_doors, grunt_vaults_focal,
          nicolae_vaults_cornered_office, nicolae_vaults_three_branches,
          hangedman_vaults_restitches, nicolae_vaults_shrinking_rooms_1,
          ontoclasm_vaults_fault, vaults_room_ringed_pool, v_misc_10,
          vaults_dpeg_hooks, grunt_vaults_hallway_short,
          nicolae_vaults_double_plus_3, nicolae_vaults_little_ls,
          layout_vaults_maze_snakey, serial_shops, shop
Vaults:3: ontoclasm_vaults_bender, nicolae_vaults_ninety_degrees,
          grunt_vaults_diagonal, v_misc_5, hangedman_vaults_nails,
          v_alt_pattern_3, ontoclasm_vaults_twist,
          nicolae_vaults_surprise_closet, nicolae_vaults_trapezoid_2,
          vaults_standard_mumra_lines, vaults_mumra_minichess_inversion,
          nicolae_vaults_shelves_hall, layout_vaults_ring, serial_shops, shop
Vaults:4: v_rooms_4, v_alt_pattern_6, v_misc_19, grunt_vaults_funnel,
          nicolae_vaults_network_star, v_pattern_1, hangedman_vaults_impose,
          v_misc_13, nicolae_vaults_little_squares_3, ontoclasm_vaults_gateway,
          nicolae_vaults_ring_of_whatevers, layout_vaults_big_room
Depths:1: layout_cave_shapes, grunt_mini_vestibule, serial_shops, shop,
          grunt_ministairs_5, feat_on_display, minmay_shop_star, uniq_nikola

Skill      XL: |  1  2  3  4  5  6  7  8  9 10 11 12 13 14 15 16 17 18 19 20 |
---------------+-------------------------------------------------------------+-----
Dodging        | 2 3 4 6 7 8 10 11 12 13 | 13.3
Fighting       | 2 3 5 6 8 10 11 13 14 16 17 18 19 20 21 22 23 | 23.7
Unarmed Combat | 3 |  3.4
Shapeshifting  | 4 5 6 7 9 11 14 | 14.6
Maces & Flails | 2 6 9 12 14 | 14.4
Evocations     | 3 5 6 8 9 10 11 | 11.7
Armour         | 4 5 |  5.7
Shields        | 4 8 10 12 14 | 14.0

Action                     |  1- 3 |  4- 6 |  7- 9 | 10-12 | 13-15 | 16-18 | 19-21 || total
---------------------------+-------+-------+-------+-------+-------+-------+-------++-------
  Melee: Unarmed           |    40 |       |       |       |       |       |       ||    40
         Headbutt          |    17 |     9 |    20 |    76 |   181 |   272 |   206 ||   781
         Spear             |    41 |   101 |   192 |       |       |       |       ||   334
         Punch             |       |     1 |       |    10 |    19 |       |       ||    30
         Kick              |       |     9 |    38 |    52 |   325 |   467 |   344 ||  1235
         Pseudopods        |       |       |     5 |    62 |   149 |   102 |       ||   318
         Whip              |       |       |    17 |   365 |   657 |   915 |   600 ||  2554
         Bite              |       |       |       |       |    76 |   155 |    61 ||   292
  Throw: Stone             |       |       |    10 |       |       |       |       ||    10
         Boomerang         |       |       |    28 |     3 |       |       |       ||    31
         Javelin           |       |       |     8 |       |     1 |       |       ||     9
 Invoke: Slimify           |       |       |       |     1 |     1 |     1 |       ||     3
Ability: Begin Untransform |       |       |       |       |       |     1 |       ||     1
  Evoke: Wand              |       |       |    13 |     2 |     3 |     1 |       ||    19
         Phantom mirror    |       |       |       |     1 |       |     1 |       ||     2
         Lightning rod     |       |       |       |       |     4 |       |       ||     4
         Condenser vane    |       |       |       |       |     1 |       |       ||     1
         Box of beasts     |       |       |       |       |       |     1 |       ||     1
    Use: Scroll            |     1 |     3 |     3 |     5 |     7 |    11 |     1 ||    31
         Potion            |       |     1 |     7 |     1 |     3 |     4 |       ||    16
   Stab: Sleeping          |       |     2 |     8 |     3 |     9 |     4 |       ||    26
         Distracted        |       |       |     1 |       |       |     1 |     1 ||     3
         Confused          |       |       |       |       |     6 |    37 |    12 ||    55
 Armour: Animal skin       |    38 |    57 |   190 |       |       |       |       ||   285
         Robe              |       |       |    15 |    39 |       |       |       ||    54
         Acid dragon scale |       |       |       |   211 |   322 |       |       ||   533
         Troll leather arm |       |       |       |       |     3 |   402 |   153 ||   558
         Skin              |       |       |       |       |       |       |    81 ||    81
  Dodge: Dodged            |    36 |    36 |   153 |   178 |   220 |   269 |   115 ||  1007
  Block: Other             |       |       |       |       |    19 |       |       ||    19
         Kite shield       |       |       |       |       |    82 |   776 |   416 ||  1274
         Reflection        |       |       |       |       |    16 |    22 |    49 ||    87
   Form: Beast             |       |       |       |       |       |     1 |       ||     1
         Statue            |       |       |       |       |       |       |     1 ||     1

Table legend: (Time is in decaauts)
 A = Elapsed time spent in this place.
 B = Non-inter-level travel time spent in this place.
 C = Inter-level travel time spent in this place.
 D = Time resting spent in this place.
 E = Time spent auto-exploring this place.
 F = Levels seen in this place.
 G = Mean time per level.
                   A        B        C        D        E       F      G
               +--------+--------+--------+--------+--------+-----+--------+
         Total |  33357 |  31060 |   2297 |    914 |  19164 |  42 |  794.2 |
       Dungeon |  12549 |  11646 |    903 |      9 |   7725 |  15 |  836.6 |
          Lair |   5823 |   5164 |    659 |     24 |   3212 |   5 | 1164.6 |
         Swamp |   2548 |   2405 |    143 |    271 |   1331 |   4 |  637.0 |
   Spider Nest |   3335 |   3132 |    203 |    138 |   1624 |   4 |  833.8 |
    Slime Pits |    272 |    229 |     43 |      0 |      2 |   5 |   54.4 |
  Orcish Mines |   1101 |   1015 |     86 |      3 |    593 |   2 |  550.5 |
        Vaults |   5044 |   4787 |    257 |     27 |   3673 |   4 | 1261.0 |
        Depths |   1142 |   1142 |      0 |      0 |    750 |   1 | 1142.0 |
        Bailey |   1180 |   1180 |      0 |    394 |    126 |   1 | 1180.0 |
      Gauntlet |    359 |    359 |      0 |     48 |    128 |   1 |  359.0 |
               +--------+--------+--------+--------+--------+-----+--------+

Top non-repeatable levels by time:
Vaults:1: 1462 daAuts
  Lair:3: 1382 daAuts
Vaults:3: 1301 daAuts
  Lair:5: 1238 daAuts
Vaults:4: 1232 daAuts
  Bailey: 1180 daAuts
     D:1: 1149 daAuts
Depths:1: 1142 daAuts
  Lair:4: 1132 daAuts
    D:14: 1131 daAuts
  Lair:1: 1107 daAuts
Spider:2: 1065 daAuts
    D:15: 1053 daAuts
Vaults:2: 1048 daAuts
    D:10: 990 daAuts
